AoeStats
← miguelon01

Fortress

508976327Analyzed
4v4 RM · 8d ago on Sep 24, 2026· 31m 27s· 8 players
Game mode
Random Map
Map size
Huge
Population
200
Speed
Normal
Resources
Standard
Victory
Conquest
Starting age
Dark Age
Ending age
Imperial Age
RankedLock teamsTeams togetherTeam positionsShared explorationLock speedFull tech treeHidden civsTurbo modeCheats
Victory
Defeat
🇬🇧 Teutons · United Kingdom
1220
+17
🇦🇷 Turks · Argentina
1169
+19
🇧🇷 Burgundians · Brazil
1157
+20
🇮🇹 Celts · Italy
1144
+20
🇨🇦 Italians · Canada
1285
-20
🇺🇸 Chinese · United States
1284
-21
🇲🇲 Teutons · Myanmar (Burma)
1220
-18
🇲🇽 Vikings · Mexico
1191
-17
JM-POL
7:48 Feudal Age
9:31 Horse Collar
9:39 Double-Bit Axe
12:22 Castle Age
14:50 Heavy Plow
15:01 Bow Saw
17:01 Loom
19:38 Gold Mining
21:07 Gold Shaft Mining
23:50 Imperial Age
22:08 Scale Mail Armor
22:18 Forging
22:31 Stone Mining
22:52 Squires
22:37 Arson
23:08 Chain Mail Armor
24:29 Iron Casting
24:13 Chieftains
25:28 Plate Mail Armor
25:47 Conscription
26:52 Blast Furnace
26:30 Crop Rotation
27:01 Two-Man Saw
26:33 Elite Berserk
27:32 Fletching
29:31 Padded Archer Armor
29:51 Bodkin Arrow
Vaod1
2:50 Loom
7:08 Feudal Age
7:31 Horse Collar
7:37 Double-Bit Axe
12:19 Castle Age
14:29 Bow Saw
14:50 Heavy Plow
15:16 Fletching
16:19 Wheelbarrow
16:49 Bodkin Arrow
17:49 Stone Mining
19:49 Gold Mining
20:53 Hand Cart
23:15 Masonry
23:51 Padded Archer Armor
26:40 Imperial Age
24:07 Guard Tower
24:12 Murder Holes
24:31 Elite Skirmisher
25:33 Leather Archer Armor
27:25 Bracer
28:28 Chemistry
27:48 Ballistics
28:40 Ring Archer Armor
29:05 Thumb Ring
itsDuDu
6:35 Feudal Age
11:10 Castle Age
10:17 Double-Bit Axe
10:14 Horse Collar
11:29 Gold Mining
11:32 Loom
13:30 Bow Saw
17:02 Wheelbarrow
18:17 Bloodlines
19:08 Scale Barding Armor
23:14 Hand Cart
23:26 Stone Mining
25:07 Stone Shaft Mining
24:44 Heavy Plow
27:45 Chain Barding Armor
27:35 Forging
im a cute female irl
7:31 Feudal Age
11:25 Castle Age
9:24 Double-Bit Axe
9:42 Horse Collar
12:24 Bow Saw
15:09 Scale Mail Armor
17:15 Forging
Tikka Masala
7:56 Feudal Age
8:12 Feudal Age
12:14 Castle Age
10:56 Double-Bit Axe
10:52 Horse Collar
13:17 Bow Saw
13:04 Loom
14:12 Heavy Plow
21:32 Wheelbarrow
21:43 Forging
26:04 Imperial Age
23:50 Hand Cart
23:35 Gold Mining
23:40 Stone Mining
25:51 Iron Casting
25:16 Scale Mail Armor
25:08 Town Watch
27:10 Stronghold
26:59 Elite Woad Raider
29:27 Gold Shaft Mining
29:18 Chain Mail Armor
30:55 Conscription
31:43 Plate Mail Armor
30:41 Capped Ram
32:56 Blast Furnace
erdibirdy
8:02 Feudal Age
9:31 Double-Bit Axe
12:23 Castle Age
10:14 Horse Collar
12:29 Stone Mining
13:57 Bow Saw
18:51 Wheelbarrow
21:27 Hand Cart
23:04 Heavy Plow
23:06 Loom
24:37 Gold Mining
26:00 Stone Shaft Mining
29:51 Imperial Age
28:07 Forging
28:03 Scale Barding Armor
27:55 Town Watch
28:33 Bloodlines
30:33 Iron Casting
30:19 Chain Barding Armor
30:05 Cavalier
32:27 Blast Furnace
velko nicolaev iotov
7:32 Feudal Age
7:46 Loom
12:03 Castle Age
16:58 Imperial Age
14:59 Double-Bit Axe
30:57 Horse Collar
31:29 Bow Saw
miguelon01
4:13 Double-Bit Axe
6:20 Horse Collar
6:56 Gold Mining
8:07 Wheelbarrow
9:19 Feudal Age
14:22 Castle Age
12:35 Bow Saw
13:55 Gold Shaft Mining
14:28 Scale Mail Armor
17:44 Forging
24:36 Pikeman
25:17 Squires
25:34 Chain Mail Armor
25:45 Loom
29:29 Iron Casting
Connection lost

Rejoining the realm…

Still unreachable

The connection could not be restored.

Session expired

The server has moved on; the page needs a fresh start.